 Dungeon Crawl Stone Soup version 0.29.1-15-g9cfb28693d (webtiles) character file.

Game seed: 4249576679802909747

670 Peloso the Slasher (level 7, 0/61 HPs)
             Began as a Minotaur Fighter on Apr 20, 2023.
             Slain by Pikel
             ... wielding a +2 whip of freezing
              (1 damage)
             ... on level 4 of the Dungeon.
             The game lasted 00:06:25 (4315 turns).

Peloso the Slasher (Minotaur Fighter)               Turns: 4315, Time: 00:06:25

Health: 0/61       AC: 12    Str: 20    XL:     7   Next: 32%
Magic:  6/6        EV:  7    Int:  5    God:
Gold:   222        SH:  5    Dex: 12    Spells: 6/6 levels left

rFire   . . .      SeeInvis .   a - +0 long sword
rCold   . . .      Faith    .   d - +0 buckler
rNeg    . . .      Spirit   .   c - +2 chain mail {rPois}
rPois   +          Reflect  .   (helmet restricted)
rElec   .          Harm     .   (no cloak)
rCorr   .          Rampage  .   (no gloves)
Will    .....                   (no boots)
Stlth   ..........              (no amulet)
HPRegen 0.20/turn               (no ring)
MPRegen 0.10/turn               (no ring)

@: no status effects
A: horns 2, retaliatory headbutt
a: no special abilities


You were on level 4 of the Dungeon.
You visited 1 branch of the dungeon, and saw 4 of its levels.

You collected 222 gold pieces.

Inventory:

Hand Weapons
 a - a +0 long sword (weapon)
 b - the +7 staff of the Meek {protect, meekguard}
   (You found it on level 4 of the Dungeon)

   It grants its wielder temporary protection when it strikes (+7 to AC).
   It provides extra protection to wielders with little health.
Armour
 c - a +2 chain mail of poison resistance (worn)
 d - a +0 buckler (worn)
Jewellery
 f - a +6 ring of intelligence
 h - a ring of protection from cold
 l - a ring of see invisible
Scrolls
 n - a scroll of vulnerability {unknown}
 p - a scroll of fear {unknown}
Potions
 g - 2 potions of flight
 i - a potion of degeneration {unknown}
 j - a potion of might
 k - a potion of invisibility
 m - 2 potions of lignification {unknown}
 o - a potion of brilliance {unknown}


   Skills:
 + Level 5.3 Fighting
 + Level 6.5 Long Blades
 + Level 6.1 Armour
 + Level 1.5 Dodging
 + Level 0.3 Stealth
 + Level 4.7 Shields


You had 6 spell levels left.
You didn't know any spells.
Your spell library contained the following spells:

 Spells                   Type           Power      Damage    Failure   Level
 Static Discharge         Conj/Air       0%         3-3/arc   100%        2
 Corpse Rot               Necr/Pois/Air  0%         N/A       100%        4
 Dispel Undead            Necr           0%         3d6       100%        4
 Sticky Flame             Conj/Fire      0%         2d3       100%        4
 Death Channel            Necr           0%         N/A       100%        6


Dungeon Overview and Level Annotations

Branches:
Dungeon (4/15)
 Temple: D:4-7

Altars:
Nemelex Xobeh

Annotations:
D:2 Dig
D:3 1 runed translucent door, rlgrobin's ghost, amateur TeFi
D:4 Pikel


Innate Abilities, Weirdness & Mutations

You have a pair of horns on your head.
You reflexively headbutt those who attack you in melee.


Message History

Pikel is heavily wounded.
Pikel hits you but does no damage.
Unknown command.
You barely miss Pikel. You headbutt Pikel, but do no damage.
Pikel is heavily wounded.
Pikel hits you but does no damage.
Unknown command.
You hit Pikel but do no damage.
Pikel is heavily wounded.
Pikel barely misses you.
Unknown command.
You hit Pikel but do no damage.
Pikel is heavily wounded.
Pikel hits you but does no damage.
Unknown command.
You closely miss Pikel. Your headbutt misses Pikel.
Pikel is heavily wounded.
Pikel completely misses you. You furiously retaliate!
You headbutt Pikel.
Pikel hits you with a +2 whip of freezing.
* * * LOW HITPOINT WARNING * * *
Pikel freezes you.
* * * LOW HITPOINT WARNING * * *
You feel better.
Pikel hits you with a +2 whip of freezing!
* * * LOW HITPOINT WARNING * * *
Pikel freezes you.
* * * LOW HITPOINT WARNING * * *
Unknown command.
You closely miss Pikel. Your headbutt misses Pikel.
Pikel is heavily wounded.
Pikel barely misses you. You furiously retaliate!
You headbutt Pikel, but do no damage.
Unknown command.
Okay, then.
You miss Pikel. Your headbutt misses Pikel.
Pikel is heavily wounded.
Pikel hits you with a +2 whip of freezing.
* * * LOW HITPOINT WARNING * * *
Pikel freezes you.
You die...

#....##................#
#....##........###.....#
#....##..........#.#.#.#
#....##.......##...#.#.†
#.............###....(.#
#.........##### #..#.###
#.........# ##...
#######.### ##.. #@# ##.
######K#### ###
##...##55..# ...#
##.....##5..# .....
#.......#...#...5..
#..).)..'...'.w..!.
#.......#...#......
##.....##...##.....
##...###...# #...#


You could see Pikel and 3 lemures.

Vanquished Creatures
  A black bear (D:4)
  A sky beast (D:4)
  A lemure (D:4)
  2 scorpions (D:4)
  2 jellies (D:4)
  A hound (D:4)
  2 iguanas (D:4)
  Jessica (D:2)
  Terence (D:2)
  4 gnolls
  7 adders
  2 dart slugs
  An orc (D:4)
  3 bats
  4 bat skeletons (D:2)
  2 bat zombies (D:2)
  6 endoplasms
  3 giant cockroaches
  4 goblins
  8 hobgoblins
  5 jackals
  3 quokkas
  4 ball pythons
  A ball python zombie (D:2)
  A frilled lizard (D:2)
  9 kobolds
  5 rats (D:2)
84 creatures vanquished.

Vanquished Creatures (others)
  A fungus (D:2)
  3 plants (D:2)
  4 withered plants (D:2)
8 creatures vanquished.

Grand Total: 92 creatures vanquished

Notes
Turn   | Place    | Note
-------+----------+-------------------------------------------
     0 | D:1      | Peloso the Minotaur Fighter began the quest for the Orb.
     0 | D:1      | Reached XP level 1. HP: 19/19 MP: 0/0
   221 | D:1      | Reached XP level 2. HP: 27/27 MP: 1/1
   786 | D:1      | Reached XP level 3. HP: 23/33 MP: 2/2
  1175 | D:2      | Noticed Terence
  1190 | D:2      | Killed Terence
  1191 | D:2      | Reached XP level 4. HP: 21/40 MP: 3/3
  1731 | D:2      | Noticed Jessica
  1776 | D:2      | Killed Jessica
  1933 | D:2      | Found a faded altar of an unknown god.
  2175 | D:2      | Reached XP level 5. HP: 47/47 MP: 4/4
  2376 | D:3      | Found a runed translucent door.
  2377 | D:3      | Noticed rlgrobin's ghost (amateur TeFi)
  2429 | D:3      | Reached skill level 1 in Dodging
  2703 | D:3      | Found a sparkling altar of Nemelex Xobeh.
  3198 | D:3      | Reached skill level 5 in Armour
  3679 | D:4      | Reached skill level 5 in Long Blades
  3679 | D:4      | Reached XP level 6. HP: 53/53 MP: 5/5
  3761 | D:4      | Noticed a sky beast
  3772 | D:4      | Killed a sky beast
  3964 | D:4      | Found the +7 staff of the Meek {protect, meekguard}
  3977 | D:4      | Reached skill level 5 in Fighting
  4065 | D:4      | Reached XP level 7. HP: 57/61 MP: 6/6
  4280 | D:4      | Noticed Pikel
  4315 | D:4      | HP: 1/61 [Pikel/+2 whip of freezing (5)]
  4315 | D:4      | Slain by Pikel

Illustrated notes

Levels and vault maps discovered:
D:1:      wander_arrival_lonely_grave, layout_basic,
          nicolae_concentric_dashed_squares_wild
D:2:      minmay_inner_zag, layout_basic,
          dreamdust_ecumenical_altar_hidden_monk_grotto, serial_undead,
          serial_undead_c, serial_undead_a, serial_undead_b, serial_undead_e,
          serial_undead_f, serial_undead_f, serial_undead_e, serial_undead_e,
          due_unseen_surprise, uniq_jessica, uniq_terence
D:3:      layout_basic, mainiacjoe_overflow_concentric_impassable,
          hellmonk_ghost_happy_afterlife
D:4:      kennysheep_six_static_rooms, layout_basic, hangedman_minor_gate_pass,
          uniq_pikel

Skill      XL: |  1  2  3  4  5  6  7 |
---------------+----------------------+-----
Fighting       | 4 5 |  5.3
Shields        | 4 |  4.7
Armour         | 4 5 6 |  6.1
Long Blades    | 3 4 5 6 |  6.5
Dodging        | 1 |  1.5
Stealth        | |  0.3

Action                   |  1- 3 |  4- 6 |  7- 9 || total
-------------------------+-------+-------+-------++-------
Melee: Long sword        |    61 |   144 |    48 ||   253
       Headbutt          |    10 |    29 |     8 ||    47
  Use: Scroll            |     3 |     2 |       ||     5
       Potion            |     1 |       |     1 ||     2
Armor: Scale mail        |    55 |       |       ||    55
       Chain mail        |       |    87 |    14 ||   101
Dodge: Dodged            |    55 |    56 |    15 ||   126
Block: Buckler           |    33 |    34 |     9 ||    76
